 Dungeon Crawl Stone Soup version 0.22-b1-21-g5cfc168 (webtiles) character file.

2121 Gorglomux the Skirmisher (level 9, 0/59 HPs)
             Began as a Gargoyle Skald on Aug 5, 2018.
             Was a Priest of Okawaru.
             Slain by an Executioner (9 damage)
             ... on level 2 of the Abyss.
             The game lasted 00:05:10 (6318 turns).

Gorglomux the Skirmisher (Gargoyle Skald)           Turns: 6318, Time: 00:05:12

Health: 0/59       AC: 24    Str: 18    XL:     9   Next: 29%
Magic:  11/12      EV:  6    Int: 14    God:    Okawaru [***...]
Gold:   177        SH:  0    Dex:  9    Spells: 11/12 levels left

rFire    . . .     SeeInvis .   z - +4 war axe
rCold    . . .     Gourm    .   (no shield)
rNeg     + . .     Faith    .   D - +0 plate armour
rPois    ∞         Spirit   .   (no helmet)
rElec    +         Reflect  .   m - +0 cloak
rCorr    .         Harm     .   y - +2 pair of gloves
MR       .....                  (no boots)
Stlth    ..........             (no amulet)
HPRegen  0.19/turn              (no ring)
MPRegen  0.13/turn              (no ring)

@: no status effects
A: negative energy resistance 1, electricity resistance, unbreathing,
petrification resistance, rot immunity, AC +6
a: Heroism, Renounce Religion


You were on level 2 of the Abyss.
You worshipped Okawaru.
Okawaru was most pleased with you.
You were not hungry.

You visited 2 branches of the dungeon, and saw 8 of its levels.
You visited the Abyss 1 time.

You collected 300 gold pieces.
You spent 123 gold pieces at shops.

Inventory:

Hand Weapons
 a - a +0 hand axe
 z - a +4 war axe (weapon)
Armour
 m - a +0 cloak (worn)
 y - a +2 pair of gloves (worn)
 D - a +0 plate armour (worn)
Wands
 A - a wand of acid (8)
 O - a wand of clouds (5)
Scrolls
 h - a scroll of fear
 i - a scroll of random uselessness
 j - 2 scrolls of remove curse
 k - 2 scrolls of immolation {unknown}
 l - 3 scrolls of enchant weapon {unknown}
 o - a scroll of fog {unknown}
 r - 9 scrolls of identify {unknown}
 s - a scroll of magic mapping {unknown}
 v - 3 scrolls of teleportation {unknown}
 w - 2 scrolls of amnesia {unknown}
 B - a scroll of holy word {unknown}
Potions
 g - 2 potions of curing {unknown}
 p - a potion of haste {unknown}
 q - a potion of mutation {unknown}
 t - 2 potions of heal wounds {unknown}
 x - a potion of berserk rage {unknown}
 P - a potion of degeneration {unknown}
Comestibles
 d - 8 rations


   Skills:
 + Level 7.8 Fighting
 + Level 6.4 Axes
 + Level 7.6 Armour
 - Level 1.5 Dodging
 - Level 2.0 Spellcasting
 - Level 2.6 Charms
 + Level 1.0 Invocations


You had 11 spell levels left.
You knew the following spells:

 Your Spells              Type           Power        Failure   Level  Hunger
a - Infusion              Chrm           #...         91%         1    ##.....

Your spell library contained the following spells:

 Spells                   Type           Power        Failure   Level  Hunger
 Fireball                 Conj/Fire      #.........   100%        5    ######.
 Conjure Flame            Conj/Fire      #.......     100%        3    ####...
 Throw Flame              Conj/Fire      #.....       100%        2    ###....
 Sticky Flame             Conj/Fire      #.......     100%        4    #####..
 Regeneration             Chrm/Necr      #.........   100%        3    ####...
 Flame Tongue             Conj/Fire      #....        100%        1    ##.....
 Shroud of Golubria       Chrm/Tloc      #.........   99%         2    ###....
 Inner Flame              Hex/Fire       #.......     100%        3    ####...
 Song of Slaying          Chrm           #.......     97%         2    ###....
 Spectral Weapon          Hex/Chrm       #.......     100%        3    ####...


Dungeon Overview and Level Annotations

Branches:
Dungeon (7/15)             Temple (1/1) D:5

Altars:
Ashenzari
Cheibriados
Dithmenos
Elyvilon
Fedhas
Gozag
Hepliaklqana
Makhleb
Nemelex Xobeh
Okawaru
Qazlal
Sif Muna
Trog
Uskayaw
Vehumet
Wu Jian
Xom
Yredelemnul
Zin
The Shining One

Shops:
D:4 (

Annotations:
D:2 1 runed door
D:7 Duvessa


Innate Abilities, Weirdness & Mutations

You are resistant to torment.
Your stone body is resilient. (AC +6)
You are immune to poison.
You resist negative energy. (rN+)
You are resistant to electric shocks. (rElec)
You can survive without breathing.
You are immune to petrification.
You are immune to rotting.


Message History

You cut the butt abomination into ribbons!
The large abomination is lightly damaged!
You feel like a meek peon again!
As butt read the butt labeled FEL BUTT, it crumbles to dust!
The dust butts pulsating grey!!!
It was a scroll of random uselessness!
The Executioner gestures!
The Executioner seems to speed up!
The large abomination hits you!!!!!!
As you read the scroll labeled HUPAUL ADUCS, it crumbles to dust!
You assume a fearsome visage!
The Executioner is unaffected!
The large abomination is unaffected!
Butt was a butt of fear!
A large abomination comes into view!
The large abomination hits you!!!
A small abomination comes into view!
As you read the butt labeled EHOHES EVYDGHI, it crumbles to dust!
You feel blessed for a moment!
It was a scroll of remove curse!
The Executioner hits you!!!!!! * * * don't die
* * * The Executioner hits you but does no damage! x2
The Executioner hits you!!! rip # . # #..# .. . x.X

.#.## #.
..##...######
#.#..##..#..#.# #
.......#....###..
#.....#....#....
#.##X1....##.####
#...@......##..#
##.#.........#.# #
#.###.....#.##.##.#
#.#...#.#..#... ..#
#.......#.... #..
##. #
.#.##.##.....# ...
... ..
######..#...# ..
#.. #........# ..
##. ## #.#... #


You could see an Executioner, 2 large abominations and a small abomination.

Vanquished Creatures
  Prince Ribbit (D:7)
  Sigmund (D:4)
  An orc warrior (D:7)
  A sky beast (D:5)
  2 phantoms (D:4)
  2 black bears (D:6)
  A necrophage (D:7)
  2 ogres
  A centaur (D:5)
  A bullfrog (D:6)
  A water moccasin zombie (D:5)
  A scorpion (D:6)
  A howler monkey (D:6)
  A crimson imp (Abyss:2)
  A jelly (D:5)
  An orc priest (D:3)
  An iron imp (Abyss:2)
  5 orc wizards
  Jessica (D:2)
  6 worker ants
  A hound skeleton (D:5)
  Robin (D:2)
  6 adders
  A howler monkey skeleton (D:4)
  3 shadow imps
  3 oozes
  2 worms
  3 dart slugs
  5 leopard geckos
  20 orcs
  5 giant cockroaches
  10 goblins
  14 hobgoblins
  6 jackals
  8 kobolds
  6 quokkas
  3 ball pythons
  6 bats
  6 rats
141 creatures vanquished.

Notes
Turn   | Place    | Note
-------+----------+-------------------------------------------
     0 | D:1      | Gorglomux the Gargoyle Skald began the quest for the Orb.
     0 | D:1      | Reached XP level 1. HP: 12/12 MP: 3/3
   161 | D:1      | Reached XP level 2. HP: 16/18 MP: 5/5
   463 | D:1      | Reached XP level 3. HP: 22/22 MP: 6/6
   965 | D:2      | Found a hazy altar of Hepliaklqana.
   993 | D:2      | Noticed Jessica
  1007 | D:2      | Reached skill level 3 in Fighting
  1008 | D:2      | Killed Jessica
  1008 | D:2      | Reached XP level 4. HP: 18/28 MP: 7/7
  1232 | D:2      | Found a snail-covered altar of Cheibriados.
  1256 | D:2      | Noticed Robin
  1286 | D:2      | Killed Robin
  1312 | D:2      | HP: 1/28 [worm (8)]
  1575 | D:2      | Reached skill level 3 in Armour
  1717 | D:2      | Reached XP level 5. HP: 27/32 MP: 8/8
  1781 | D:2      | Reached skill level 3 in Axes
  1805 | D:2      | Found a white marble altar of Elyvilon.
  1861 | D:2      | Found a runed door.
  2189 | D:3      | Found a hide-covered altar of Uskayaw.
  2323 | D:3      | Found an iron altar of Okawaru.
  2336 | D:3      | Became a worshipper of Warmaster Okawaru
  2835 | D:4      | Noticed Sigmund
  2836 | D:4      | Found a shadowy altar of Dithmenos.
  3237 | D:4      | Reached XP level 6. HP: 26/38 MP: 9/9
  3358 | D:4      | Noticed a phantom
  3426 | D:4      | Killed a phantom
  3426 | D:4      | Reached * piety under Okawaru
  3869 | D:4      | Killed Sigmund
  3869 | D:4      | Reached XP level 7. HP: 38/44 MP: 7/10
  3927 | D:4      | Found an iron altar of Okawaru.
  4046 | D:4      | Found Kaxough's Antique Weapon Emporium.
  4074 | D:4      | Bought a glowing war axe for 123 gold pieces
  4426 | D:5      | Entered Level 5 of the Dungeon
  4598 | D:5      | Reached ** piety under Okawaru
  4598 | D:5      | Reached XP level 8. HP: 46/51 MP: 11/11
  4617 | D:5      | Reached skill level 6 in Fighting
  4821 | D:5      | Found a basalt altar of Yredelemnul.
  4839 | D:5      | Found a staircase to the Ecumenical Temple.
  4870 | D:5      | Reached skill level 6 in Armour
  4883 | Temple   | Entered the Ecumenical Temple
  5737 | D:6      | Found a bloodstained altar of Trog.
  5874 | D:6      | Reached *** piety under Okawaru
  6083 | D:6      | Found a burning altar of Makhleb.
  6128 | D:7      | Reached skill level 6 in Axes
  6128 | D:7      | Reached XP level 9. HP: 54/57 MP: 12/12
  6137 | D:7      | Noticed Prince Ribbit
  6158 | D:7      | Killed Prince Ribbit
  6226 | D:7      | Noticed Duvessa
  6232 | D:7      | Cast into level 2 of the Abyss (Duvessa)
  6254 | Abyss:2  | Noticed a large abomination
  6307 | Abyss:2  | Reached skill level 1 in Invocations
  6314 | Abyss:2  | Noticed an Executioner
  6317 | Abyss:2  | Noticed a large abomination
  6318 | Abyss:2  | Slain by an Executioner

Skill      XL: |  1  2  3  4  5  6  7  8  9 |
---------------+----------------------------+-----
Axes           | 2 3 4 6 |  6.4
Armour         | 2 3 4 5 7 |  7.6
Fighting       | 3 4 5 7 |  7.8
Invocations    | 1 |  1.0
Dodging        | |  1.5
Spellcasting   | |  2.0
Charms         | |  2.6

Action                   |  1- 3 |  4- 6 |  7- 9 || total
-------------------------+-------+-------+-------++-------
Melee: Hand axe          |   104 |   287 |    15 ||   406
       War axe           |       |       |   236 ||   236
       Punch             |       |       |     1 ||     1
Invok: Heroism           |       |     1 |     3 ||     4
  Use: Scroll            |       |       |     3 ||     3
  Eat: Chunk             |       |    10 |     8 ||    18
Armor: Leather armour    |    24 |       |       ||    24
       Ring mail         |    17 |    82 |       ||    99
       Chain mail        |       |   130 |    97 ||   227
       Plate armour      |       |       |   137 ||   137
Dodge: Dodged            |    65 |   150 |    96 ||   311
